AoeStats
← m0NOSY

Golden Pit

509024218Analyzed
1v1 RM · 8d ago on Sep 25, 2026· 35m 44s· 2 players
Game mode
Random Map
Map size
Tiny (2 player)
Population
200
Speed
Normal
Resources
Standard
Victory
Conquest
Starting age
Dark Age
Ending age
Imperial Age
RankedLock teamsTeams togetherTeam positionsShared explorationLock speedFull tech treeHidden civsTurbo modeCheats
Victory
Defeat
🇺🇸 Burgundians · United States
856
+14
🇦🇷 Mongols · Argentina
823
-37
GG.YOU.WIN. :)
5:14 Loom
10:13 Double-Bit Axe
10:19 Horse Collar
14:00 Feudal Age
14:59 Bow Saw
14:52 Heavy Plow
15:34 Gold Mining
17:01 Gold Shaft Mining
20:14 Castle Age
22:40 Husbandry
22:03 Cavalier
22:47 Stone Mining
24:29 Stone Shaft Mining
24:30 Scale Barding Armor
25:04 Forging
26:03 Wheelbarrow
28:30 Hand Cart
32:55 Town Watch
34:50 Burgundian Vineyards
37:34 Imperial Age
m0NOSY
12:44 Feudal Age
15:07 Stone Mining
20:30 Double-Bit Axe
24:25 Castle Age
Connection lost

Rejoining the realm…

Still unreachable

The connection could not be restored.

Session expired

The server has moved on; the page needs a fresh start.